Maple Leafs vs Rangers

Created - November 26, 2020 at 19:16

Goals
1 2 3 OT1 SO T
Maple Leafs 1 1 2 0 0 4
Rangers 2 1 1 0 1 5
Shots
1 2 3 OT1 SO T
Maple Leafs 10 11 10 1 6 32
Rangers 7 13 8 2 6 30

1st period

1. Rangers , Kyle Okposo 6 (Matt Delahey 4) at 6:58
2. Maple Leafs , Patrick Kane 8 (Kyle Clifford 8, Brayden Schenn 13) at 7:16
3. Rangers , Sean Couturier 5 (James Neal 10, Cam Barker 6) at 19:18

Penalties :
Frederik Andersen (NYR) for Slashing (Minor) at 2:30 - Luke Schenn served the penalty, Kyle Clifford (Tor) for Holding (Minor) at 19:23

2nd period

4. Maple Leafs , Kyle Clifford 6 (Brayden Schenn 14, Patrick Kane 13) at 4:35
5. Rangers , Milan Lucic 9 (Patrice Bergeron 6) at 5:10

Penalties :
Mark Fistric (NYR) for Hooking (Minor) at 5:49

3rd period

6. Maple Leafs , Ben Smith 5 (Calvin de Haan 5, Hampus Lindholm 9) at 7:03 (PP)
7. Rangers , Kyle Okposo 7 (James Neal 11) at 8:41
8. Maple Leafs , Patrick Kane 9 (Brayden Schenn 15) at 16:07

Penalties :
Chris Bourque (NYR) for Holding (Minor) at 6:10, Jake Guentzel (Tor) for Roughing (Minor) at 9:30, Dany Heatley (Tor) for Interference (Minor) at 19:20

Overtime #1

No Goal

Penalties :
No Penalty

Shootout

Maple Leafs, Patrick Kane - Stopped by Frederik Andersen
Rangers, Jakob Silfverberg - Shot Hit the Post
Maple Leafs, Andre Burakovsky - Stopped by Frederik Andersen
Rangers, Patrice Bergeron - Stopped by Brian Elliott
Maple Leafs, Brayden Schenn - Shot Misses the Net
Rangers, Tomas Hertl - Stopped by Brian Elliott
Maple Leafs, Jordan Staal - Stopped by Frederik Andersen
Rangers, Milan Lucic - Shot Misses the Net
Maple Leafs, Kyle Clifford - Stopped by Frederik Andersen
Rangers, Sean Couturier - Stopped by Brian Elliott
Maple Leafs, Beau Bennett - Shot Misses the Net
Rangers, James Neal - Goal!

Penalties :
No Penalty

Goalie Stats

Brian Elliott (Tor), 26 saves from 30 shots - (0.867), OTL, 5-3-2, 65:00 minutes
Frederik Andersen (NYR), 28 saves from 32 shots - (0.875), W, 8-6-1, 65:00 minutes

Players Stats for Maple Leafs

Player Name              G  A  P  +/- PIM S  H  SB GA TA FO     MP     PP MP  PK MP  
------------------------------------------------------------------------------------
Andre Burakovsky         0  0  0  -3  0   2  2  1  0  1  0/0    14:25   0:10   0:07 
Beau Bennett             0  0  0  -3  0   0  0  0  0  0  0/0    12:39   0:00   0:00 
Ben Smith                1  0  1  -1  0   2  0  0  0  0  1/2    16:40   2:19   1:43 
Blake Comeau             0  0  0   0  0   1  0  0  1  1  0/0     8:24   0:03   0:00 
Brayden Schenn           0  3  3   3  0   3  0  1  1  1  19/33  24:09   2:22   3:54 
Braydon Coburn           0  0  0  -1  0   0  0  1  0  1  0/0    20:49   0:00   4:06 
Calvin de Haan           0  1  1  -1  0   2  0  0  0  0  0/0    15:30   2:20   0:00 
Chris Kelly              0  0  0   0  0   1  0  0  0  0  1/2     7:58   0:00   0:00 
Dany Heatley             0  0  0   0  2   1  1  1  0  1  0/0    11:12   0:10   1:22 
Hampus Lindholm          0  1  1   1  0   3  2  2  0  1  0/0    25:21   2:20   1:51 
Jake Guentzel            0  0  0  -1  2   2  0  0  1  0  1/1    15:02   2:22   0:00 
John Klingberg           0  0  0  -1  0   0  1  1  2  0  0/0    21:32   2:31   0:00 
Jordan Staal             0  0  0  -3  0   2  0  0  2  1  1/3    17:35   2:19   1:07 
Kevin Shattenkirk        0  0  0   1  0   0  3  5  1  0  0/0    28:18   2:31   1:51 
Kyle Clifford            1  1  2   3  2   2  1  0  0  0  2/3    21:27   2:19   1:26 
Mika Zibanejad           0  0  0  -1  0   2  1  0  1  0  5/9    12:50   0:00   0:12 
Patrick Kane             2  1  3   3  0   8  2  0  0  0  1/2    21:38   2:29   0:43 
Ryan Parent              0  0  0  -1  0   1  1  2  0  0  0/0    18:30   0:00   4:06 

Players Stats for Rangers

Player Name              G  A  P  +/- PIM S  H  SB GA TA FO     MP     PP MP  PK MP  
------------------------------------------------------------------------------------
Cam Barker               0  1  1   0  0   1  1  0  0  1  0/0    28:48   2:57   2:59 
Chris Bourque            0  0  0   0  2   3  0  0  0  0  1/1    14:01   0:00   0:58 
Devante Smith-Pelly      0  0  0   0  0   2  3  0  0  1  0/1    11:11   0:00   0:00 
Dmitry Kulikov           0  0  0   2  0   0  0  2  1  0  0/0    22:10   1:40   2:09 
Jakob Silfverberg        0  0  0  -2  0   4  0  1  2  0  0/3    23:29   2:38   2:42 
James Neal               0  2  2   3  0   3  0  0  0  1  0/0    16:23   1:59   0:00 
Kyle Okposo              2  0  2   3  0   3  3  0  0  0  2/3    16:23   1:59   0:00 
Luke Schenn              0  0  0   0  0   1  1  4  0  0  0/0    25:55   1:40   1:51 
Magnus Paajarvi          0  0  0   0  0   1  1  0  0  0  0/0     8:57   0:00   0:00 
Mark Fistric             0  0  0   2  2   0  1  2  0  1  0/0    18:40   0:00   0:47 
Matt Delahey             0  1  1  -1  0   2  0  4  0  0  0/0    15:33   0:00   0:04 
Maxime Sauvé             0  0  0   0  0   1  2  0  0  0  1/1     8:21   0:00   0:00 
Milan Lucic              1  0  1  -2  0   5  2  1  2  0  0/0    19:22   2:38   1:05 
Patrice Bergeron         0  1  1  -2  0   2  1  1  1  0  10/25  24:13   2:38   2:48 
Patrik Nemeth            0  0  0  -1  0   0  2  4  0  3  0/0    14:44   0:00   1:48 
Sean Couturier           1  0  1   2  0   1  1  1  0  1  10/17  20:04   1:59   1:51 
Steve Quailer            0  0  0   0  0   0  1  0  1  0  0/0     8:08   0:00   0:00 
Tomas Hertl              0  0  0   1  0   1  1  0  0  1  0/4    18:45   2:57   0:22 

3 Stars

1 - Patrick Kane (Tor)
2 - Kyle Okposo (NYR)
3 - Brayden Schenn (Tor)

Power Play

Maple Leafs - 1 on 2 Attempt(s) - 50.00%
Rangers - 0 on 4 Attempt(s) - 0.00%

Penalty Kill

Maple Leafs - 4 on 4 Attempt(s) - 100.00% - Score 0 goal in Penalty Kill
Rangers - 1 on 2 Attempt(s) - 50.00% - Score 0 goal in Penalty Kill

Team Stat

Maple Leafs - Hits : 14 - Faceoff Wins : 31 - Blocked Shots : 14 - Penalty Minutes : 6
Rangers - Hits : 20 - Faceoff Wins : 24 - Blocked Shots : 20 - Penalty Minutes : 6

Official

Referees : Unknown
Linesman : Unknown

Game Notes

14:44 of 3rd period - Penalty Shot by Jordan Staal for Maple Leafs - Stopped by Frederik Andersen

Finance

Level 1 -- Attendance: 6000 (100.00%) -- Ticket Income $570,000
Level 2 -- Attendance: 5000 (100.00%) -- Ticket Income $300,000
Level 3 -- Attendance: 1982 (99.10%) -- Ticket Income $69,370
Level 4 -- Attendance: 3722 (93.05%) -- Ticket Income $93,050
Luxury Box -- Attendance: 1000 (100.00%) -- Ticket Income $180,000
Game was played at the Madison Square Garden.
Total Attendance: 17704 (98.36%)
Total Ticket Income: $1,212,420
Other Income: $181,863
Total Income: $1,394,283

Maple Leafs

5 vs 5 Forward 
   Center                   Left Wing                Right Wing               Time % Phy DF OF 
 1 Brayden Schenn           Kyle Clifford            Patrick Kane             40     1   2  2  
 2 Mika Zibanejad           Jake Guentzel            Ben Smith                30     1   2  2  
 3 Jordan Staal             Andre Burakovsky         Beau Bennett             20     1   2  2  
 4 Chris Kelly              Dany Heatley             Blake Comeau             10     1   2  2  

5 vs 5 Defense 
   Defense                  Defense                                           Time % Phy DF OF 
 1 Kevin Shattenkirk        Hampus Lindholm                                   40     1   2  2  
 2 Braydon Coburn           John Klingberg                                    30     1   2  2  
 3 Ryan Parent              Calvin de Haan                                    20     1   2  2  
 4 Kevin Shattenkirk        John Klingberg                                    10     1   2  2  

PowerPlay Forward 
   Center                   Left Wing                Right Wing               Time % Phy DF OF 
 1 Brayden Schenn           Jake Guentzel            Patrick Kane             60     1   2  2  
 2 Jordan Staal             Kyle Clifford            Ben Smith                40     1   2  2  

PowerPlay Defense
   Defense                  Defense                                           Time % Phy DF OF 
 1 Kevin Shattenkirk        John Klingberg                                    60     1   2  2  
 2 Hampus Lindholm          Calvin de Haan                                    40     1   2  2  

Penalty Kill 4 Players Forward 
   Center                   Wing                     Time % Phy DF OF 
 1 Brayden Schenn           Kyle Clifford            60     1   2  2  
 2 Jordan Staal             Patrick Kane             40     1   2  2  

Penalty Kill 4 Players Defense
   Defense                  Defense                  Time % Phy DF OF 
 1 Braydon Coburn           Ryan Parent              60     1   2  2  
 2 Kevin Shattenkirk        Hampus Lindholm          40     1   2  2  

Penalty Kill - 3 Players Forward 
   Forward                                           Time % Phy DF OF 
 1 Brayden Schenn                                    60     1   2  2  
 2 Jordan Staal                                      40     1   2  2  

Penalty Kill - 3 Players Defense
   Defense                  Defense                  Time % Phy DF OF 
 1 Braydon Coburn           Ryan Parent              60     1   2  2  
 2 Kevin Shattenkirk        Hampus Lindholm          40     1   2  2  

4 vs 4 Forward 
   Center                   Wing                     Time % Phy DF OF 
 1 Jordan Staal             Patrick Kane             60     1   2  2  
 2 Brayden Schenn           Kyle Clifford            40     1   2  2  

4 vs 4 Defense
   Defense                  Defense                  Time % Phy DF OF 
 1 Kevin Shattenkirk        Braydon Coburn           60     1   2  2  
 2 John Klingberg           Hampus Lindholm          40     1   2  2  

Last Minutes Offensive
   Center                   Left Wing                Right Wing               Defense                  Defense                  
   Brayden Schenn           Kyle Clifford            Patrick Kane             Kevin Shattenkirk        John Klingberg           

Last Minutes Defensive
   Center                   Left Wing                Right Wing               Defense                  Defense                  
   Jordan Staal             Kyle Clifford            Patrick Kane             Kevin Shattenkirk        Braydon Coburn           

Goaltenders
Starting : Brian Elliott            
Backup : John Gibson              

Extra Forwards
Normal : Dany Heatley, Andre Burakovsky, Patrick Kane - PP : Dany Heatley, Patrick Kane - PK : Ben Smith
Extra Defensemen
Normal : Hampus Lindholm, Ryan Parent, Kevin Shattenkirk - PP : Hampus Lindholm - PK : Hampus Lindholm, Calvin de Haan
Penalty Shots
Patrick Kane, Andre Burakovsky, Brayden Schenn, Jordan Staal, Kyle Clifford

Scratches
None

Rangers

5 vs 5 Forward 
   Center                   Left Wing                Right Wing               Time % Phy DF OF 
 1 Patrice Bergeron         Milan Lucic              Jakob Silfverberg        40     1   2  2  
 2 Sean Couturier           James Neal               Kyle Okposo              30     1   2  2  
 3 Tomas Hertl              Chris Bourque            Devante Smith-Pelly      20     1   2  2  
 4 Maxime Sauvé             Magnus Paajarvi          Steve Quailer            10     1   2  2  

5 vs 5 Defense 
   Defense                  Defense                                           Time % Phy DF OF 
 1 Luke Schenn              Cam Barker                                        40     1   2  2  
 2 Dmitry Kulikov           Mark Fistric                                      30     1   2  2  
 3 Patrik Nemeth            Matt Delahey                                      20     1   2  2  
 4 Luke Schenn              Cam Barker                                        10     1   2  2  

PowerPlay Forward 
   Center                   Left Wing                Right Wing               Time % Phy DF OF 
 1 Patrice Bergeron         Milan Lucic              Jakob Silfverberg        60     1   2  2  
 2 Sean Couturier           James Neal               Kyle Okposo              40     1   2  2  

PowerPlay Defense
   Defense                  Defense                                           Time % Phy DF OF 
 1 Cam Barker               Tomas Hertl                                       60     1   2  2  
 2 Luke Schenn              Dmitry Kulikov                                    40     1   2  2  

Penalty Kill 4 Players Forward 
   Center                   Wing                     Time % Phy DF OF 
 1 Jakob Silfverberg        Patrice Bergeron         60     1   2  2  
 2 Milan Lucic              Sean Couturier           40     1   2  2  

Penalty Kill 4 Players Defense
   Defense                  Defense                  Time % Phy DF OF 
 1 Luke Schenn              Cam Barker               60     1   2  2  
 2 Dmitry Kulikov           Patrik Nemeth            40     1   2  2  

Penalty Kill - 3 Players Forward 
   Forward                                           Time % Phy DF OF 
 1 Milan Lucic                                       60     1   2  2  
 2 Jakob Silfverberg                                 40     1   2  2  

Penalty Kill - 3 Players Defense
   Defense                  Defense                  Time % Phy DF OF 
 1 Luke Schenn              Cam Barker               60     1   2  2  
 2 Mark Fistric             Dmitry Kulikov           40     1   2  2  

4 vs 4 Forward 
   Center                   Wing                     Time % Phy DF OF 
 1 Sean Couturier           Jakob Silfverberg        60     1   2  2  
 2 Patrice Bergeron         Tomas Hertl              40     1   2  2  

4 vs 4 Defense
   Defense                  Defense                  Time % Phy DF OF 
 1 Cam Barker               Luke Schenn              60     1   2  2  
 2 Dmitry Kulikov           Matt Delahey             40     1   2  2  

Last Minutes Offensive
   Center                   Left Wing                Right Wing               Defense                  Defense                  
   Milan Lucic              Jakob Silfverberg        Patrice Bergeron         Luke Schenn              Cam Barker               

Last Minutes Defensive
   Center                   Left Wing                Right Wing               Defense                  Defense                  
   Milan Lucic              Jakob Silfverberg        Patrice Bergeron         Luke Schenn              Cam Barker               

Goaltenders
Starting : Frederik Andersen        
Backup : Mike Condon              

Extra Forwards
Normal : Jakob Silfverberg, Patrice Bergeron, Tomas Hertl - PP : Milan Lucic, Jakob Silfverberg - PK : Patrice Bergeron
Extra Defensemen
Normal : Cam Barker, Luke Schenn, Mark Fistric - PP : Cam Barker - PK : Cam Barker, Luke Schenn
Penalty Shots
Jakob Silfverberg, Patrice Bergeron, Tomas Hertl, Milan Lucic, Sean Couturier

Scratches
None


% Time on Ice - Maple Leafs

Lines # - Real PCT - Wanted PCT - Time Play
Normal Forward
1 - 34% - 40% - 17:17
2 - 25% - 30% - 12:38
3 - 25% - 20% - 12:39
4 - 16% - 10% - 7:58
Normal Defense
1 - 37% - 40% - 18:30
2 - 30% - 30% - 14:58
3 - 26% - 20% - 13:10
4 - 8% - 10% - 3:54
PP Forward
1 - 52% - 60% - 2:32
2 - 48% - 40% - 2:19
PP Defense
1 - 52% - 60% - 2:31
2 - 48% - 40% - 2:20
PK Forward
1 - 84% - 60% - 3:54
2 - 16% - 40% - 0:43
PK Defense
1 - 72% - 60% - 3:20
2 - 28% - 40% - 1:17
PK3 Forward
1 - 70% - 60% - 0:56
2 - 30% - 40% - 0:24
PK3 Defense
1 - 58% - 60% - 0:46
2 - 43% - 40% - 0:34
44 Forward
1 - 91% - 60% - 3:20
2 - 9% - 40% - 0:20
44 Defense
1 - 57% - 60% - 2:06
2 - 43% - 40% - 1:34
Last Minute Offensive  - 0:00
Last Minute Defensive  - 0:00
Total
Forward - 65:00
Defense - 65:00

% Time on Ice - Rangers

Lines # - Real PCT - Wanted PCT - Time Play
Normal Forward
1 - 33% - 40% - 16:39
2 - 29% - 30% - 14:34
3 - 22% - 20% - 11:11
4 - 16% - 10% - 8:08
Normal Defense
1 - 38% - 40% - 19:19
2 - 32% - 30% - 16:23
3 - 25% - 20% - 12:34
4 - 4% - 10% - 2:16
PP Forward
1 - 57% - 60% - 2:38
2 - 43% - 40% - 1:59
PP Defense
1 - 64% - 60% - 2:57
2 - 36% - 40% - 1:40
PK Forward
1 - 78% - 60% - 3:46
2 - 22% - 40% - 1:05
PK Defense
1 - 74% - 60% - 3:34
2 - 26% - 40% - 1:17
PK3 Forward
1 - 0% - 60%
2 - 0% - 40%
PK3 Defense
1 - 0% - 60%
2 - 0% - 40%
44 Forward
1 - 92% - 60% - 4:36
2 - 8% - 40% - 0:24
44 Defense
1 - 61% - 60% - 3:02
2 - 39% - 40% - 1:58
Last Minute Offensive  - 0:00
Last Minute Defensive  - 0:00
Total
Forward - 65:00
Defense - 65:00

Play-by-Play

1st period


0:01 of 1st period - Brayden Schenn wins face-off versus Patrice Bergeron in neutral zone.
0:08 of 1st period - Snap shot by Jakob Silfverberg.
0:08 of 1st period - Shot Blocked by Kevin Shattenkirk.
0:14 of 1st period - Wrist shot by Milan Lucic.
0:14 of 1st period - Stopped by Brian Elliott without a rebound.
0:15 of 1st period - Jake Guentzel wins face-off versus Kyle Okposo in Maple Leafs zone.
0:15 of 1st period - Jake Guentzel is hit by Mark Fistric.
0:23 of 1st period - Jake Guentzel is hit by Kyle Okposo and loses puck.
1:09 of 1st period - Wrist shot by Chris Kelly.
1:09 of 1st period - Stopped by Frederik Andersen without a rebound.
1:10 of 1st period - Patrice Bergeron wins face-off versus Chris Kelly in Rangers zone.
1:15 of 1st period - Wrist shot by Jakob Silfverberg.
1:15 of 1st period - Stopped by Brian Elliott with a rebound.
1:17 of 1st period - Slapshot by Matt Delahey.
1:17 of 1st period - Shot Blocked by Kevin Shattenkirk.
1:19 of 1st period - Snap shot by Matt Delahey.
1:19 of 1st period - Stopped by Brian Elliott with a rebound.
1:29 of 1st period - Patrik Nemeth is hit by Hampus Lindholm and loses puck.
1:36 of 1st period - Kevin Shattenkirk is hit by Patrik Nemeth.
2:04 of 1st period - Slapshot by Kevin Shattenkirk.
2:04 of 1st period - Deflect By Blake Comeau.
2:04 of 1st period - Shot Blocked by Matt Delahey.
2:04 of 1st period - Puck is out of play.
2:05 of 1st period - Maxime Sauvé wins face-off versus Brayden Schenn in Rangers zone.
2:30 of 1st period - Wrist shot by Mika Zibanejad.
2:30 of 1st period - Stopped by Frederik Andersen without a rebound.
2:30 of 1st period - Minor Penalty to Frederik Andersen for Slashing.
2:31 of 1st period - Brayden Schenn wins face-off versus Jakob Silfverberg in Rangers zone.
4:30 of 1st period - Penalty to Luke Schenn is over, Luke Schenn is back on ice.
4:37 of 1st period - Snap shot by Sean Couturier.
4:37 of 1st period - Shot Misses the Net.
6:44 of 1st period - Matt Delahey is hit by Andre Burakovsky and loses puck.
6:51 of 1st period - Calvin de Haan is hit by Kyle Okposo and loses puck.
6:58 of 1st period - Snap shot by Kyle Okposo.
6:58 of 1st period - Goal by Kyle Okposo - Maple Leafs : 0 - Rangers : 1.
6:59 of 1st period - Brayden Schenn wins face-off versus Patrice Bergeron in neutral zone.
7:14 of 1st period - Wrist shot by Patrick Kane.
7:14 of 1st period - Stopped by Frederik Andersen with a rebound.
7:16 of 1st period - Wrist shot by Patrick Kane.
7:16 of 1st period - Goal by Patrick Kane - Maple Leafs : 1 - Rangers : 1.
7:17 of 1st period - Brayden Schenn wins face-off versus Devante Smith-Pelly in neutral zone.
7:20 of 1st period - Wrist shot by Kyle Clifford.
7:20 of 1st period - Deflect By Chris Bourque.
7:20 of 1st period - Shot Misses the Net.
7:20 of 1st period - Puck is out of play.
7:21 of 1st period - Brayden Schenn wins face-off versus Tomas Hertl in Rangers zone.
7:54 of 1st period - Wrist shot by Jakob Silfverberg.
7:54 of 1st period - Shot Blocked by Hampus Lindholm.
8:00 of 1st period - Snap shot by Milan Lucic.
8:00 of 1st period - Shot Blocked by Kevin Shattenkirk.
8:21 of 1st period - Snap shot by James Neal.
8:21 of 1st period - Shot Misses the Net.
8:23 of 1st period - Slapshot by Luke Schenn.
8:23 of 1st period - Shot Blocked by Kevin Shattenkirk.
8:25 of 1st period - Snap shot by Cam Barker.
8:25 of 1st period - Shot Misses the Net.
10:26 of 1st period - Wrist shot by Jordan Staal.
10:26 of 1st period - Shot Blocked by Luke Schenn.
10:28 of 1st period - Slapshot by John Klingberg.
10:28 of 1st period - Shot Misses the Net.
10:30 of 1st period - Snap shot by John Klingberg.
10:30 of 1st period - Shot Misses the Net.
10:32 of 1st period - Snap shot by Andre Burakovsky.
10:32 of 1st period - Deflect By Jordan Staal.
10:32 of 1st period - Shot Misses the Net.
10:32 of 1st period - Puck is out of play.
10:33 of 1st period - Mika Zibanejad wins face-off versus Patrice Bergeron in Rangers zone.
10:50 of 1st period - Wrist shot by Jakob Silfverberg.
10:50 of 1st period - Shot Misses the Net.
11:07 of 1st period - Snap shot by Mika Zibanejad.
11:07 of 1st period - Shot Blocked by Jakob Silfverberg.
11:09 of 1st period - Slapshot by Calvin de Haan.
11:09 of 1st period - Stopped by Frederik Andersen without a rebound.
11:10 of 1st period - Kyle Okposo wins face-off versus Brayden Schenn in Rangers zone.
11:54 of 1st period - Kevin Shattenkirk is hit by Magnus Paajarvi and loses puck.
12:19 of 1st period - Slapshot by Kevin Shattenkirk.
12:19 of 1st period - Shot Misses the Net.
12:21 of 1st period - Snap shot by Jordan Staal.
12:21 of 1st period - Deflect By Luke Schenn.
12:21 of 1st period - Stopped by Frederik Andersen without a rebound.
12:22 of 1st period - Patrice Bergeron wins face-off versus Kyle Clifford in Rangers zone.
12:37 of 1st period - Snap shot by Jakob Silfverberg.
12:37 of 1st period - Shot Blocked by Ryan Parent.
12:39 of 1st period - Backhand shot by Milan Lucic.
12:39 of 1st period - Shot Misses the Net.
13:31 of 1st period - Ryan Parent is hit by Maxime Sauvé and loses puck.
15:03 of 1st period - Wrist shot by Jordan Staal.
15:03 of 1st period - Shot Misses the Net.
15:05 of 1st period - Slapshot by Braydon Coburn.
15:05 of 1st period - Shot Misses the Net.
15:07 of 1st period - Wrist shot by Andre Burakovsky.
15:07 of 1st period - Stopped by Frederik Andersen with a rebound.
15:09 of 1st period - Snap shot by Jordan Staal.
15:09 of 1st period - Shot Blocked by Dmitry Kulikov.
15:11 of 1st period - Snap shot by Beau Bennett.
15:11 of 1st period - Shot Misses the Net.
16:02 of 1st period - Wrist shot by Jordan Staal.
16:02 of 1st period - Deflect By Andre Burakovsky.
16:02 of 1st period - Shot Misses the Net.
16:02 of 1st period - Puck is out of play.
16:03 of 1st period - Brayden Schenn wins face-off versus Sean Couturier in Rangers zone.
16:12 of 1st period - Wrist shot by Brayden Schenn.
16:12 of 1st period - Stopped by Frederik Andersen without a rebound.
16:13 of 1st period - Sean Couturier wins face-off versus Patrick Kane in Rangers zone.
16:18 of 1st period - Wrist shot by James Neal.
16:18 of 1st period - Stopped by Brian Elliott without a rebound.
16:19 of 1st period - Sean Couturier wins face-off versus Brayden Schenn in Maple Leafs zone.
17:12 of 1st period - Snap shot by Devante Smith-Pelly.
17:12 of 1st period - Stopped by Brian Elliott without a rebound.
17:13 of 1st period - Chris Kelly wins face-off versus Patrice Bergeron in Maple Leafs zone.
17:42 of 1st period - Slapshot by Hampus Lindholm.
17:42 of 1st period - Shot Blocked by Milan Lucic.
17:44 of 1st period - Slapshot by Kevin Shattenkirk.
17:44 of 1st period - Deflect By Dany Heatley.
17:44 of 1st period - Shot Misses the Net.
17:44 of 1st period - Puck is out of play.
17:45 of 1st period - Sean Couturier wins face-off versus Brayden Schenn in Rangers zone.
18:34 of 1st period - Snap shot by Calvin de Haan.
18:34 of 1st period - Stopped by Frederik Andersen without a rebound.
18:35 of 1st period - Sean Couturier wins face-off versus Jordan Staal in Rangers zone.
19:18 of 1st period - Snap shot by Sean Couturier.
19:18 of 1st period - Goal by Sean Couturier - Maple Leafs : 1 - Rangers : 2.
19:19 of 1st period - Patrice Bergeron wins face-off versus Brayden Schenn in neutral zone.
19:22 of 1st period - Wrist shot by Patrick Kane.
19:22 of 1st period - Stopped by Frederik Andersen with a rebound.
19:23 of 1st period - Minor Penalty to Kyle Clifford for Holding.
19:24 of 1st period - Patrice Bergeron wins face-off versus Brayden Schenn in Maple Leafs zone.
Goals for this period are 1 for Maple Leafs vs 2 for Rangers.
Shots for this period are 10 for Maple Leafs vs 7 for Rangers.

2nd period


0:01 of 2nd period - Brayden Schenn wins face-off versus Patrice Bergeron in neutral zone.
0:12 of 2nd period - Slapshot by Brayden Schenn.
0:12 of 2nd period - Stopped by Frederik Andersen without a rebound.
0:13 of 2nd period - Brayden Schenn wins face-off versus Patrice Bergeron in Rangers zone.
0:26 of 2nd period - Slapshot by Milan Lucic.
0:26 of 2nd period - Stopped by Brian Elliott with a rebound.
0:28 of 2nd period - Slapshot by Cam Barker.
0:28 of 2nd period - Stopped by Brian Elliott with a rebound.
0:30 of 2nd period - Slapshot by Tomas Hertl.
0:30 of 2nd period - Stopped by Brian Elliott with a rebound.
0:49 of 2nd period - Snap shot by James Neal.
0:49 of 2nd period - Shot Blocked by Dany Heatley.
1:23 of 2nd period - Penalty to Kyle Clifford is over, Kyle Clifford is back on ice.
1:53 of 2nd period - Snap shot by Mika Zibanejad.
1:53 of 2nd period - Shot Misses the Net.
2:57 of 2nd period - Slapshot by Patrice Bergeron.
2:57 of 2nd period - Deflect By Mika Zibanejad.
2:57 of 2nd period - Stopped by Brian Elliott with a rebound.
2:59 of 2nd period - Wrist shot by Chris Bourque.
2:59 of 2nd period - Stopped by Brian Elliott without a rebound.
3:00 of 2nd period - Patrice Bergeron wins face-off versus Mika Zibanejad in Maple Leafs zone.
3:13 of 2nd period - Snap shot by Mika Zibanejad.
3:13 of 2nd period - Deflect By Ben Smith.
3:13 of 2nd period - Stopped by Frederik Andersen with a rebound.
3:46 of 2nd period - Slapshot by James Neal.
3:46 of 2nd period - Stopped by Brian Elliott with a rebound.
4:11 of 2nd period - Slapshot by Brayden Schenn.
4:11 of 2nd period - Shot Blocked by Matt Delahey.
4:13 of 2nd period - Wrist shot by Kyle Clifford.
4:13 of 2nd period - Shot Blocked by Matt Delahey.
4:15 of 2nd period - Snap shot by Kyle Clifford.
4:15 of 2nd period - Deflect By Patrick Kane.
4:15 of 2nd period - Stopped by Frederik Andersen with a rebound.
4:17 of 2nd period - Wrist shot by Hampus Lindholm.
4:17 of 2nd period - Deflect By Matt Delahey.
4:17 of 2nd period - Stopped by Frederik Andersen with a rebound.
4:21 of 2nd period - Wrist shot by Patrick Kane.
4:21 of 2nd period - Stopped by Frederik Andersen with a rebound.
4:23 of 2nd period - Snap shot by Patrick Kane.
4:23 of 2nd period - Shot Misses the Net.
4:25 of 2nd period - Slapshot by Kyle Clifford.
4:25 of 2nd period - Shot Blocked by Patrik Nemeth.
4:33 of 2nd period - Wrist shot by Brayden Schenn.
4:33 of 2nd period - Shot Misses the Net.
4:35 of 2nd period - Snap shot by Kyle Clifford.
4:35 of 2nd period - Goal by Kyle Clifford - Maple Leafs : 2 - Rangers : 2.
4:36 of 2nd period - Sean Couturier wins face-off versus Mika Zibanejad in neutral zone.
4:38 of 2nd period - Off-side.
4:39 of 2nd period - Mika Zibanejad wins face-off versus Sean Couturier in neutral zone.
5:06 of 2nd period - Snap shot by Jakob Silfverberg.
5:06 of 2nd period - Stopped by Brian Elliott with a rebound.
5:08 of 2nd period - Snap shot by Jakob Silfverberg.
5:08 of 2nd period - Stopped by Brian Elliott without a rebound.
5:09 of 2nd period - Patrice Bergeron wins face-off versus Jordan Staal in Maple Leafs zone.
5:10 of 2nd period - Wrist shot by Milan Lucic.
5:10 of 2nd period - Goal by Milan Lucic - Maple Leafs : 2 - Rangers : 3.
5:11 of 2nd period - Kyle Clifford wins face-off versus Patrice Bergeron in neutral zone.
5:14 of 2nd period - Luke Schenn is hit by Kyle Clifford and loses puck.
5:38 of 2nd period - Snap shot by Chris Bourque.
5:38 of 2nd period - Shot Hit the Post.
5:40 of 2nd period - Snap shot by Devante Smith-Pelly.
5:40 of 2nd period - Stopped by Brian Elliott without a rebound.
5:41 of 2nd period - Chris Bourque wins face-off versus Mika Zibanejad in Maple Leafs zone.
5:49 of 2nd period - Minor Penalty to Mark Fistric for Hooking.
5:50 of 2nd period - Brayden Schenn wins face-off versus Jakob Silfverberg in Rangers zone.
5:55 of 2nd period - Slapshot by Patrick Kane.
5:55 of 2nd period - Shot Misses the Net.
5:57 of 2nd period - Snap shot by Jake Guentzel.
5:57 of 2nd period - Shot Misses the Net.
5:59 of 2nd period - Slapshot by John Klingberg.
5:59 of 2nd period - Shot Misses the Net.
6:01 of 2nd period - Slapshot by John Klingberg.
6:01 of 2nd period - Shot Misses the Net.
7:49 of 2nd period - Penalty to Mark Fistric is over, Mark Fistric is back on ice.
7:49 of 2nd period - Patrice Bergeron is hit by John Klingberg and loses puck.
9:53 of 2nd period - Snap shot by Mika Zibanejad.
9:53 of 2nd period - Stopped by Frederik Andersen with a rebound.
10:09 of 2nd period - Icing by Cam Barker.
10:10 of 2nd period - Sean Couturier wins face-off versus Brayden Schenn in Rangers zone.
10:59 of 2nd period - Slapshot by Mika Zibanejad.
10:59 of 2nd period - Shot Misses the Net.
11:01 of 2nd period - Snap shot by Ryan Parent.
11:01 of 2nd period - Shot Misses the Net.
11:17 of 2nd period - Slapshot by Tomas Hertl.
11:17 of 2nd period - Shot Misses the Net.
11:37 of 2nd period - Snap shot by Jordan Staal.
11:37 of 2nd period - Stopped by Frederik Andersen without a rebound.
11:38 of 2nd period - Jordan Staal wins face-off versus Sean Couturier in Rangers zone.
12:03 of 2nd period - Snap shot by Andre Burakovsky.
12:03 of 2nd period - Stopped by Frederik Andersen with a rebound.
12:05 of 2nd period - Wrist shot by Beau Bennett.
12:05 of 2nd period - Shot Blocked by Luke Schenn.
12:11 of 2nd period - Slapshot by Hampus Lindholm.
12:11 of 2nd period - Stopped by Frederik Andersen without a rebound.
12:12 of 2nd period - Sean Couturier wins face-off versus Brayden Schenn in Rangers zone.
12:23 of 2nd period - Patrick Kane is hit by Sean Couturier and loses puck.
12:42 of 2nd period - Snap shot by Dany Heatley.
12:42 of 2nd period - Shot Misses the Net.
12:44 of 2nd period - Wrist shot by John Klingberg.
12:44 of 2nd period - Shot Blocked by Dmitry Kulikov.
12:46 of 2nd period - Slapshot by John Klingberg.
12:46 of 2nd period - Deflect By Dany Heatley.
12:46 of 2nd period - Stopped by Frederik Andersen with a rebound.
13:08 of 2nd period - Slapshot by Braydon Coburn.
13:08 of 2nd period - Shot Blocked by Mark Fistric.
13:10 of 2nd period - Slapshot by Jake Guentzel.
13:10 of 2nd period - Shot Misses the Net.
13:12 of 2nd period - Backhand shot by Braydon Coburn.
13:12 of 2nd period - Shot Misses the Net.
13:24 of 2nd period - Hampus Lindholm is hit by Devante Smith-Pelly and loses puck.
13:33 of 2nd period - Chris Bourque is hit by Patrick Kane.
14:43 of 2nd period - Kyle Clifford is hit by Maxime Sauvé and loses puck.
15:02 of 2nd period - Jake Guentzel is hit by Kyle Okposo and loses puck.
15:44 of 2nd period - Calvin de Haan is hit by Devante Smith-Pelly and loses puck.
16:27 of 2nd period - Slapshot by John Klingberg.
16:27 of 2nd period - Shot Blocked by Luke Schenn.
16:41 of 2nd period - Slapshot by Braydon Coburn.
16:41 of 2nd period - Shot Misses the Net.
16:47 of 2nd period - Snap shot by Mark Fistric.
16:47 of 2nd period - Deflect By Patrice Bergeron.
16:47 of 2nd period - Shot Misses the Net.
16:47 of 2nd period - Puck is out of play.
16:48 of 2nd period - Brayden Schenn wins face-off versus Sean Couturier in Maple Leafs zone.
18:25 of 2nd period - Mark Fistric is hit by Kevin Shattenkirk and loses puck.
18:46 of 2nd period - Chris Bourque is hit by Mika Zibanejad and loses puck.
18:53 of 2nd period - Slapshot by Matt Delahey.
18:53 of 2nd period - Stopped by Brian Elliott with a rebound.
19:09 of 2nd period - John Klingberg is hit by Patrik Nemeth and loses puck.
19:32 of 2nd period - Snap shot by Milan Lucic.
19:32 of 2nd period - Shot Misses the Net.
19:42 of 2nd period - Wrist shot by Magnus Paajarvi.
19:42 of 2nd period - Stopped by Brian Elliott with a rebound.
19:44 of 2nd period - Wrist shot by Maxime Sauvé.
19:44 of 2nd period - Shot Blocked by Hampus Lindholm.
19:46 of 2nd period - Snap shot by Maxime Sauvé.
19:46 of 2nd period - Stopped by Brian Elliott without a rebound.
19:47 of 2nd period - Kyle Clifford wins face-off versus Sean Couturier in Maple Leafs zone.
Goals for this period are 1 for Maple Leafs vs 1 for Rangers.
Shots for this period are 11 for Maple Leafs vs 13 for Rangers.

3rd period


0:01 of 3rd period - Patrice Bergeron wins face-off versus Brayden Schenn in neutral zone.
0:13 of 3rd period - Slapshot by Milan Lucic.
0:13 of 3rd period - Stopped by Brian Elliott without a rebound.
0:14 of 3rd period - Brayden Schenn wins face-off versus Patrice Bergeron in Maple Leafs zone.
0:23 of 3rd period - Snap shot by Patrick Kane.
0:23 of 3rd period - Shot Blocked by Patrice Bergeron.
0:29 of 3rd period - Patrick Kane is hit by Patrice Bergeron and loses puck.
0:59 of 3rd period - Wrist shot by Brayden Schenn.
0:59 of 3rd period - Stopped by Frederik Andersen with a rebound.
1:35 of 3rd period - Wrist shot by Kyle Clifford.
1:35 of 3rd period - Shot Misses the Net.
1:37 of 3rd period - Slapshot by Kevin Shattenkirk.
1:37 of 3rd period - Deflect By Patrick Kane.
1:37 of 3rd period - Shot Blocked by Sean Couturier.
1:37 of 3rd period - Puck is out of play.
1:38 of 3rd period - Mika Zibanejad wins face-off versus Patrice Bergeron in Rangers zone.
2:11 of 3rd period - Off-side.
2:12 of 3rd period - Mika Zibanejad wins face-off versus Tomas Hertl in neutral zone.
2:39 of 3rd period - Jordan Staal is hit by Milan Lucic.
2:45 of 3rd period - Wrist shot by Jordan Staal.
2:45 of 3rd period - Shot Blocked by Matt Delahey.
2:47 of 3rd period - Slapshot by Braydon Coburn.
2:47 of 3rd period - Shot Blocked by Patrik Nemeth.
3:36 of 3rd period - Wrist shot by Chris Bourque.
3:36 of 3rd period - Shot Misses the Net.
3:42 of 3rd period - Wrist shot by Tomas Hertl.
3:42 of 3rd period - Shot Misses the Net.
3:54 of 3rd period - Slapshot by Kevin Shattenkirk.
3:54 of 3rd period - Shot Misses the Net.
3:56 of 3rd period - Slapshot by Kyle Clifford.
3:56 of 3rd period - Shot Misses the Net.
3:58 of 3rd period - Snap shot by Kyle Clifford.
3:58 of 3rd period - Shot Misses the Net.
4:00 of 3rd period - Slapshot by Kevin Shattenkirk.
4:00 of 3rd period - Shot Blocked by Mark Fistric.
6:02 of 3rd period - Wrist shot by Chris Kelly.
6:02 of 3rd period - Shot Misses the Net.
6:10 of 3rd period - Minor Penalty to Chris Bourque for Holding.
6:11 of 3rd period - Brayden Schenn wins face-off versus Patrice Bergeron in Rangers zone.
7:01 of 3rd period - Slapshot by Calvin de Haan.
7:01 of 3rd period - Shot Blocked by Patrik Nemeth.
7:03 of 3rd period - Slapshot by Ben Smith.
7:03 of 3rd period - Goal by Ben Smith - Maple Leafs : 3 - Rangers : 3.
7:04 of 3rd period - Sean Couturier wins face-off versus Brayden Schenn in neutral zone.
7:18 of 3rd period - Snap shot by Kyle Okposo.
7:18 of 3rd period - Stopped by Brian Elliott with a rebound.
7:35 of 3rd period - Slapshot by Hampus Lindholm.
7:35 of 3rd period - Stopped by Frederik Andersen without a rebound.
7:36 of 3rd period - Ben Smith wins face-off versus Tomas Hertl in Rangers zone.
7:56 of 3rd period - Ben Smith is hit by Devante Smith-Pelly and loses puck.
8:11 of 3rd period - Backhand shot by Jake Guentzel.
8:11 of 3rd period - Stopped by Frederik Andersen without a rebound.
8:12 of 3rd period - Patrice Bergeron wins face-off versus Brayden Schenn in Rangers zone.
8:27 of 3rd period - Wrist shot by Patrick Kane.
8:27 of 3rd period - Shot Blocked by Luke Schenn.
8:29 of 3rd period - Snap shot by Kyle Clifford.
8:29 of 3rd period - Stopped by Frederik Andersen without a rebound.
8:30 of 3rd period - Sean Couturier wins face-off versus Ben Smith in Rangers zone.
8:30 of 3rd period - Sean Couturier is hit by Hampus Lindholm.
8:35 of 3rd period - Off-side.
8:36 of 3rd period - Kyle Okposo wins face-off versus Mika Zibanejad in neutral zone.
8:41 of 3rd period - Wrist shot by Kyle Okposo.
8:41 of 3rd period - Goal by Kyle Okposo - Maple Leafs : 3 - Rangers : 4.
8:42 of 3rd period - Patrice Bergeron wins face-off versus Brayden Schenn in neutral zone.
8:42 of 3rd period - Patrice Bergeron is hit by Patrick Kane.
8:46 of 3rd period - Wrist shot by Milan Lucic.
8:46 of 3rd period - Deflect By Patrice Bergeron.
8:46 of 3rd period - Stopped by Brian Elliott without a rebound.
8:47 of 3rd period - Brayden Schenn wins face-off versus Patrice Bergeron in Maple Leafs zone.
9:22 of 3rd period - Snap shot by James Neal.
9:22 of 3rd period - Stopped by Brian Elliott with a rebound.
9:24 of 3rd period - Snap shot by Luke Schenn.
9:24 of 3rd period - Stopped by Brian Elliott with a rebound.
9:30 of 3rd period - Minor Penalty to Jake Guentzel for Roughing.
9:31 of 3rd period - Brayden Schenn wins face-off versus Patrice Bergeron in Maple Leafs zone.
9:31 of 3rd period - Brayden Schenn is hit by Milan Lucic.
9:37 of 3rd period - Snap shot by Milan Lucic.
9:37 of 3rd period - Stopped by Brian Elliott with a rebound.
9:39 of 3rd period - Snap shot by Milan Lucic.
9:39 of 3rd period - Shot Blocked by Brayden Schenn.
11:30 of 3rd period - Penalty to Jake Guentzel is over, Jake Guentzel is back on ice.
11:38 of 3rd period - Beau Bennett is hit by Luke Schenn and loses puck.
12:18 of 3rd period - John Klingberg is hit by Steve Quailer and loses puck.
12:31 of 3rd period - Wrist shot by Blake Comeau.
12:31 of 3rd period - Stopped by Frederik Andersen with a rebound.
13:41 of 3rd period - Off-side.
13:42 of 3rd period - Mika Zibanejad wins face-off versus Sean Couturier in neutral zone.
13:51 of 3rd period - Wrist shot by Ben Smith.
13:51 of 3rd period - Deflect By Jake Guentzel.
13:51 of 3rd period - Stopped by Frederik Andersen with a rebound.
13:53 of 3rd period - Backhand shot by Ben Smith.
13:53 of 3rd period - Shot Blocked by Patrik Nemeth.
14:42 of 3rd period - Snap shot by Chris Bourque.
14:42 of 3rd period - Stopped by Brian Elliott with a rebound.
14:44 of 3rd period - Penalty Shot by Jordan Staal for Maple Leafs.
14:44 of 3rd period - Wrist shot by Jordan Staal.
14:44 of 3rd period - Stopped by Frederik Andersen.
14:45 of 3rd period - Sean Couturier wins face-off versus Brayden Schenn in Maple Leafs zone.
15:00 of 3rd period - Snap shot by James Neal.
15:00 of 3rd period - Shot Blocked by Kevin Shattenkirk.
15:12 of 3rd period - Matt Delahey is hit by Kevin Shattenkirk and loses puck.
15:21 of 3rd period - Wrist shot by Milan Lucic.
15:21 of 3rd period - Shot Misses the Net.
15:23 of 3rd period - Slapshot by Patrik Nemeth.
15:23 of 3rd period - Shot Blocked by John Klingberg.
15:25 of 3rd period - Slapshot by Patrik Nemeth.
15:25 of 3rd period - Shot Blocked by Andre Burakovsky.
15:42 of 3rd period - Slapshot by Luke Schenn.
15:42 of 3rd period - Deflect By Devante Smith-Pelly.
15:42 of 3rd period - Shot Blocked by Braydon Coburn.
15:42 of 3rd period - Puck is out of play.
15:43 of 3rd period - Brayden Schenn wins face-off versus Patrice Bergeron in Maple Leafs zone.
15:53 of 3rd period - Wrist shot by Patrick Kane.
15:53 of 3rd period - Stopped by Frederik Andersen without a rebound.
15:54 of 3rd period - Brayden Schenn wins face-off versus Patrice Bergeron in Rangers zone.
16:01 of 3rd period - Snap shot by Patrick Kane.
16:01 of 3rd period - Stopped by Frederik Andersen without a rebound.
16:02 of 3rd period - Brayden Schenn wins face-off versus Jakob Silfverberg in Rangers zone.
16:07 of 3rd period - Wrist shot by Patrick Kane.
16:07 of 3rd period - Goal by Patrick Kane - Maple Leafs : 4 - Rangers : 4.
16:08 of 3rd period - Patrick Kane wins face-off versus Patrice Bergeron in neutral zone.
16:40 of 3rd period - Patrice Bergeron is hit by Andre Burakovsky and loses puck.
16:59 of 3rd period - Ben Smith is hit by Tomas Hertl and loses puck.
17:26 of 3rd period - Slapshot by Sean Couturier.
17:26 of 3rd period - Shot Blocked by Ryan Parent.
18:22 of 3rd period - Cam Barker is hit by Kevin Shattenkirk and loses puck.
19:20 of 3rd period - Minor Penalty to Dany Heatley for Interference.
19:21 of 3rd period - Patrice Bergeron wins face-off versus Brayden Schenn in Maple Leafs zone.
Goals for this period are 2 for Maple Leafs vs 1 for Rangers.
Shots for this period are 10 for Maple Leafs vs 8 for Rangers.

Overtime #1


0:01 of 1st overtime period - Brayden Schenn wins face-off versus Sean Couturier in neutral zone.
0:14 of 1st overtime period - Wrist shot by Jakob Silfverberg.
0:14 of 1st overtime period - Stopped by Brian Elliott with a rebound.
0:36 of 1st overtime period - Hampus Lindholm is hit by Cam Barker and loses puck.
0:57 of 1st overtime period - Snap shot by Ryan Parent.
0:57 of 1st overtime period - Stopped by Frederik Andersen with a rebound.
0:59 of 1st overtime period - Wrist shot by Jordan Staal.
0:59 of 1st overtime period - Shot Misses the Net.
1:16 of 1st overtime period - Icing by Chris Bourque.
1:17 of 1st overtime period - Brayden Schenn wins face-off versus Tomas Hertl in Rangers zone.
1:20 of 1st overtime period - Penalty to Dany Heatley is over, Dany Heatley is back on ice.
2:07 of 1st overtime period - Snap shot by Chris Bourque.
2:07 of 1st overtime period - Stopped by Brian Elliott with a rebound.
2:58 of 1st overtime period - Luke Schenn is hit by Ryan Parent and loses puck.
3:19 of 1st overtime period - Patrice Bergeron is hit by Dany Heatley and loses puck.
Goals for this period are 0 for Maple Leafs vs 0 for Rangers.
Shots for this period are 1 for Maple Leafs vs 2 for Rangers.

ShootOut


5:00 of 1st overtime period - Round #1.
5:00 of 1st overtime period - Maple Leafs, Patrick Kane.
5:00 of 1st overtime period - Deke by Patrick Kane.
5:00 of 1st overtime period - Stopped by Frederik Andersen.
5:00 of 1st overtime period - Rangers, Jakob Silfverberg.
5:00 of 1st overtime period - Deke by Jakob Silfverberg.
5:00 of 1st overtime period - Shot Hit the Post.
5:00 of 1st overtime period - Round #2.
5:00 of 1st overtime period - Maple Leafs, Andre Burakovsky.
5:00 of 1st overtime period - Deke by Andre Burakovsky.
5:00 of 1st overtime period - Stopped by Frederik Andersen.
5:00 of 1st overtime period - Rangers, Patrice Bergeron.
5:00 of 1st overtime period - Snap shot by Patrice Bergeron.
5:00 of 1st overtime period - Stopped by Brian Elliott.
5:00 of 1st overtime period - Round #3.
5:00 of 1st overtime period - Maple Leafs, Brayden Schenn.
5:00 of 1st overtime period - Deke by Brayden Schenn.
5:00 of 1st overtime period - Shot Misses the Net.
5:00 of 1st overtime period - Rangers, Tomas Hertl.
5:00 of 1st overtime period - Wrist shot by Tomas Hertl.
5:00 of 1st overtime period - Stopped by Brian Elliott.
5:00 of 1st overtime period - Round #4.
5:00 of 1st overtime period - Maple Leafs, Jordan Staal.
5:00 of 1st overtime period - Backhand shot by Jordan Staal.
5:00 of 1st overtime period - Stopped by Frederik Andersen.
5:00 of 1st overtime period - Rangers, Milan Lucic.
5:00 of 1st overtime period - Deke by Milan Lucic.
5:00 of 1st overtime period - Shot Misses the Net.
5:00 of 1st overtime period - Round #5.
5:00 of 1st overtime period - Maple Leafs, Kyle Clifford.
5:00 of 1st overtime period - Backhand shot by Kyle Clifford.
5:00 of 1st overtime period - Stopped by Frederik Andersen.
5:00 of 1st overtime period - Rangers, Sean Couturier.
5:00 of 1st overtime period - Deke by Sean Couturier.
5:00 of 1st overtime period - Stopped by Brian Elliott.
5:00 of 1st overtime period - Round #6.
5:00 of 1st overtime period - Maple Leafs, Beau Bennett.
5:00 of 1st overtime period - Backhand shot by Beau Bennett.
5:00 of 1st overtime period - Shot Misses the Net.
5:00 of 1st overtime period - Rangers, James Neal.
5:00 of 1st overtime period - Wrist shot by James Neal.
5:00 of 1st overtime period - Goal by James Neal.